 Dungeon Crawl Stone Soup version 0.29-a0-914-g906f1d757c (webtiles) character file.

Game seed: 7827995974295867750

1367 magipi the Slasher (level 8, 0/62 HPs)
             Began as a Human Berserker on July 26, 2022.
             Was a Priest of Trog.
             Slain by a gnoll sergeant
             ... wielding a +0 spear
              (5 damage)
             ... on level 5 of the Dungeon.
             The game lasted 00:12:09 (6163 turns).

magipi the Slasher (Human Berserker)                Turns: 6163, Time: 00:12:10

Health: 0/62       AC: 11    Str: 21    XL:     8   Next: 97%
Magic:  8/8        EV:  9    Int:  7    God:    Trog [***...]
Gold:   260        SH:  0    Dex: 12    Spells: 7/7 levels left

rFire   . . .      SeeInvis .   b - +0 great sword
rCold   . . .      Faith    +   (shield currently unavailable)
rNeg    . . .      Spirit   .   i - +0 chain mail
rPois   .          Reflect  .   (no helmet)
rElec   .          Harm     .   o - scarf {repulsion}
rCorr   .          Rampage  .   A - +0 pair of gloves
Will    .....                   (no boots)
Stlth   ..........              r - amulet of faith
HPRegen 0.20/turn               (no ring)
MPRegen 0.11/turn               (no ring)

@: on berserk cooldown, slowed, repel missiles, very slow
A: no striking features
a: Renounce Religion, Berserk, Trog's Hand


You were on level 5 of the Dungeon.
You worshipped Trog.
Trog was most pleased with you.
You visited 1 branch of the dungeon, and saw 5 of its levels.
You also visited: Sewer.

You collected 260 gold pieces.

Inventory:

Hand Weapons
 a - a +0 falchion
 b - a +0 great sword (weapon)
   (You took it off an orc on level 5 of the Dungeon)
Missiles
 e - a throwing net
 h - 5 silver javelins
 j - 2 javelins (quivered)
Armour
 i - a +0 chain mail (worn)
   (You found it on level 2 of the Dungeon)
 o - a scarf of repulsion (worn)
   (You found it on level 3 of the Dungeon)
 A - a +0 pair of gloves (worn)
   (You found it on level 5 of the Dungeon)
Jewellery
 r - an amulet of faith (around neck)
   (You found it on level 3 of the Dungeon)
 s - a ring of willpower
   (You found it on level 3 of the Dungeon)
Wands
 t - a wand of flame (17)
   (You found it on level 4 of the Dungeon)
Scrolls
 c - 4 scrolls of identify {unknown}
 k - a scroll of blinking {unknown}
 m - 2 scrolls of noise {unknown}
 n - a scroll of teleportation {unknown}
 p - 2 scrolls of poison {unknown}
 q - 2 scrolls of vulnerability {unknown}
 v - a scroll of enchant armour {unknown}
 y - a scroll of immolation {unknown}
Potions
 d - 2 potions of haste {unknown}
 f - 2 potions of cancellation {unknown}
 g - 3 potions of curing {unknown}
 l - a potion of attraction {unknown}
 u - a potion of brilliance {unknown}
 w - a potion of degeneration {unknown}
 x - 2 potions of flight {unknown}
 z - a potion of magic {unknown}


   Skills:
 + Level 5.3 Fighting
 * Level 7.2 Long Blades
 + Level 0.1 Throwing
 + Level 4.9 Armour
 + Level 4.9 Dodging
 + Level 0.0 Evocations


You had 7 spell levels left.
You didn't know any spells.
Your spell library was empty.

Dungeon Overview and Level Annotations

Branches:
Dungeon (5/15)             Temple (0/1) D:5           Sewer (visited)

Altars:
Elyvilon
Makhleb
Xom
Zin

Annotations:
D:5 1 runed translucent door, Crazy Yiuf


Message History

Unknown command.
Found 2 poisoned darts.
Unknown command.
Found a stone staircase leading down.
Found 18 gold pieces.
Found a stone staircase leading up.
Unknown command.
You now have 260 gold pieces (gained 18).
There is a stone staircase leading down here.
You see here the +1 leather armour of Pademuak {rN+}.
Unknown command.
Found a stone staircase leading down.
Unknown command.
There is a stone staircase leading down here.
A gnoll comes into view. It is wielding a +0 club.
A gnoll comes into view.
It is wielding a +0 whip of electrocution.
The gnoll shouts!
A gnoll comes into view.
It is wielding a +0 whip of electrocution.
Unknown command.
Unknown command.
Unknown command.
Unknown command.
Unknown command.
What are your orders? t - Shout!
Orders for allies: a - Attack new target. r - Retreat! s - Stop attacking. g - Guard the area. f - Follow me.
Anything else - Cancel.
You shout for attention!
You hear a shout!
A gnoll sergeant comes into view. It is wielding a +0 spear.
Unknown command.
What are your orders? t - Shout!
Orders for allies: a - Attack new target. r - Retreat! s - Stop attacking. g - Guard the area. f - Follow me.
Anything else - Cancel.
You shout for attention!
Unknown command.
A red film seems to cover your vision as you go berserk!
You feel yourself moving faster!
You feel mighty! The gnoll hits you but does no damage.
You slash the gnoll!
The gnoll is severely wounded.
The gnoll barely misses you.
You slice the gnoll!!
You kill the gnoll!
Trog accepts your kill.
You barely miss the gnoll. The gnoll closely misses you.
You slash the gnoll!
The gnoll is almost dead.
The gnoll barely misses you.
You barely miss the gnoll.
The gnoll is almost dead.
The gnoll barely misses you.
You barely miss the gnoll.
The gnoll is almost dead.
The gnoll hits you with a +0 whip of electrocution.
You are electrocuted!
The gnoll sergeant completely misses you.
You barely miss the gnoll.
The gnoll is almost dead.
The gnoll hits you but does no damage.
The gnoll sergeant hits you from afar with a +0 spear.
You slice the gnoll!!
You kill the gnoll!
Trog accepts your kill. The gnoll sergeant barely misses you.
Items here: )) ††.
You closely miss the gnoll sergeant. The gnoll sergeant barely misses you.
You barely miss the gnoll sergeant.
The gnoll sergeant hits you with a +0 spear.
You closely miss the gnoll sergeant.
The gnoll sergeant hits you with a +0 spear!
You slash the gnoll sergeant!
The gnoll sergeant is moderately wounded.
The gnoll sergeant hits you with a +0 spear.
You closely miss the gnoll sergeant.
The gnoll sergeant is moderately wounded.
You are no longer berserk.
You are exhausted.
You feel yourself slow down. The gnoll sergeant misses you.
You hit the gnoll sergeant.
The gnoll sergeant is heavily wounded.
A gnoll comes into view. It is wielding a +0 club.
The gnoll sergeant hits you with a +0 spear! x2
The gnoll sergeant attacks as you move away!
The gnoll sergeant hits you with a +0 spear!
* * * LOW HITPOINT WARNING * * *
The gnoll shouts!
The gnoll sergeant hits you from afar with a +0 spear.
* * * LOW HITPOINT WARNING * * *
The gnoll sergeant hits you but does no damage.
The gnoll sergeant hits you from afar with a +0 spear.
* * * LOW HITPOINT WARNING * * *
The gnoll sergeant hits you from afar with a +0 spear.
* * * LOW HITPOINT WARNING * * *
The gnoll sergeant hits you from afar with a +0 spear.
You die...

##....###.####.##.#####....##.#
###..........#
#.#...........##..
.....#.####..#
#.#..#####....#### .....#.#
#..# #.....)g..#.#.# ######.#
#..# #.##g####.#.#.####
#.####..# #.##.# #...#.....
######.8.##..###.##g#
#..##.....
..................g.#
#g.#######
####.8.>.8.#.###@#### #..#
#.......#.# #.# #..# #
###.8.###.# #.# #gg# #
#.......# #.# #..# #
#(....#####.# #..# #
#...........# #..# #
######.....####### ####
.....>.....# ... .###..####.#
#.


You could see a gnoll sergeant and a gnoll.

Vanquished Creatures
  Grinder (D:5)
  2 ogres (D:4)
  A centaur (D:3)
  A phantom (D:5)
  2 bullfrogs (Sewer)
  3 scorpions (D:5)
  A howler monkey (D:5)
  2 hounds (D:5)
  2 orc priests (D:4)
  2 iguanas
  3 orc wizards (D:4)
  6 gnolls
  9 adders
  2 worms
  2 dart slugs
  20 orcs
  11 ball pythons
  5 bats
  7 endoplasms
  12 giant cockroaches
  3 goblins
  9 hobgoblins
  2 jackals (D:1)
  4 kobolds
  5 quokkas
  6 frilled lizards
  3 rats
126 creatures vanquished.

Vanquished Creatures (others)
  A fungus (D:5)
1 creature vanquished.

Grand Total: 127 creatures vanquished

Notes
Turn   | Place    | Note
-------+----------+-------------------------------------------
     0 | D:1      | magipi the Human Berserker began the quest for the Orb.
     0 | D:1      | Reached XP level 1. HP: 18/18 MP: 1/1
   179 | D:1      | Reached XP level 2. HP: 13/24 MP: 2/2
   770 | D:1      | Reached XP level 3. HP: 21/29 MP: 3/3
  1517 | D:2      | Reached XP level 4. HP: 32/35 MP: 4/4
  2022 | D:3      | Found a glowing drain.
  2032 | Sewer    | Entered a sewer
  2118 | Sewer    | Reached skill level 4 in Long Blades
  2167 | Sewer    | Reached ** piety under Trog
  2230 | Sewer    | Reached XP level 5. HP: 38/41 MP: 5/5
  2377 | Sewer    | Noticed a bullfrog
  2378 | Sewer    | Noticed a bullfrog
  2385 | Sewer    | Killed a bullfrog
  2389 | Sewer    | Killed a bullfrog
  2390 | Sewer    | Reached XP level 6. HP: 30/48 MP: 6/6
  3052 | D:3      | Reached skill level 5 in Long Blades
  3122 | D:3      | Found a faded altar of an unknown god.
  3429 | D:3      | Reached XP level 7. HP: 54/54 MP: 7/7
  4115 | D:4      | Reached *** piety under Trog
  4666 | D:4      | Reached skill level 6 in Long Blades
  4692 | D:4      | Reached XP level 8. HP: 61/61 MP: 8/8
  4994 | D:4      | Found a hazy altar of Hepliaklqana.
  4996 | D:4      | Found a shimmering altar of Xom.
  4996 | D:4      | Found a shimmering altar of Xom.
  4998 | D:4      | Found a glowing silver altar of Zin.
  4998 | D:4      | Found a white marble altar of Elyvilon.
  4998 | D:4      | Found a burning altar of Makhleb.
  5283 | D:5      | Entered Level 5 of the Dungeon
  5688 | D:5      | Found a runed translucent door.
  5689 | D:5      | Noticed Crazy Yiuf
  5721 | D:5      | Noticed Grinder
  5749 | D:5      | Killed Grinder
  5750 | D:5      | Reached skill level 5 in Fighting
  5778 | D:5      | Reached skill level 7 in Long Blades
  5986 | D:5      | Found a staircase to the Ecumenical Temple.
  6051 | D:5      | Identified the +1 leather armour of Pademuak {rN+}
  6163 | D:5      | Slain by a gnoll sergeant

Illustrated notes

Levels and vault maps discovered:
D:1:      psy_arrival_radial02, layout_basic, lemuel_flame_loot_1
D:2:      minmay_spotlight, layout_rooms
D:3:      layout_basic, cheibrodos_sewer_entry_sluice,
          shapermc_ecumenical_altar_starsandcircs, minivault_11
D:4:      layout_loops_ring, doesnt_xom_only_xom
D:5:      layout_loops_ring, minmay_temple_entry_statues_pillars,
          kennysheep_generic_room_3, uniq_grinder, uniq_crazy_yiuf_cottage

Skill      XL: |  1  2  3  4  5  6  7  8 |
---------------+-------------------------+-----
Long Blades    | 4 5 6 7 |  7.2
Armour         | 3 4 |  4.9
Dodging        | 3 4 |  4.9
Fighting       | 4 5 |  5.3
Throwing       | |  0.1

Action                   |  1- 3 |  4- 6 |  7- 9 || total
-------------------------+-------+-------+-------++-------
Melee: Falchion          |   100 |   201 |   212 ||   513
       Punch             |     1 |     1 |     3 ||     5
       Great sword       |       |       |    60 ||    60
Invok: Berserk           |     3 |     5 |     6 ||    14
       Trog's Hand       |       |       |     1 ||     1
 Stab: Sleeping          |     3 |     1 |       ||     4
Armor: Animal skin       |    26 |     4 |       ||    30
       Chain mail        |       |   107 |   104 ||   211
Dodge: Dodged            |    75 |    91 |   106 ||   272

Table legend: (Time is in decaauts)
 A = Elapsed time spent in this place.
 B = Non-inter-level travel time spent in this place.
 C = Inter-level travel time spent in this place.
 D = Time resting spent in this place.
 E = Time spent auto-exploring this place.
 F = Levels seen in this place.
 G = Mean time per level.
                   A        B        C        D        E       F      G
               +--------+--------+--------+--------+--------+-----+--------+
         Total |   6372 |   6256 |    116 |   1129 |   3172 |   6 | 1062.0 |
       Dungeon |   5746 |   5630 |    116 |    877 |   3172 |   5 | 1149.2 |
         Sewer |    626 |    626 |      0 |    252 |      0 |   1 |  626.0 |
               +--------+--------+--------+--------+--------+-----+--------+

Top non-repeatable levels by time:
     D:4: 1693 daAuts
     D:1: 1333 daAuts
     D:3: 1194 daAuts
     D:5: 841 daAuts
     D:2: 682 daAuts
   Sewer: 626 daAuts
